Map: 썬더버드 - 래더

Players

green

  • Race: Protoss Protoss
  • Spawn Location: 11:00

FanTaSy - Winner!

  • Race: Terran Terran
  • League: Master
  • Spawn Location: 5:00

VOD

Have the link to the VOD?

Description

Time

  • Played on: June 4, 2019, 6:12 a.m.
  • Length: 9:04
Show
View Real Time Build Order
Export as new Build Order

green Protoss 

Build Orders: 1 Gate Expand, Blink Stalkers 

Get SALT Encoding   

  12  0:01  Probe  
  13  0:13  Probe  
  14  0:17  Pylon  
  14  0:25  Probe  
  15  0:33  Probe  
  15  0:35  Gateway  
  15  0:42  Probe, Assimilator  
  17  0:53  Probe  
  18  1:05  Probe  
  19  1:17  Probe  
  20  1:24  Nexus  
  20  1:34  Cybernetics Core  
  20  1:35  Probe  
  21  1:40  Assimilator  
  21  1:48  Probe  
  21  1:51  Pylon  
  22  2:00  Probe  
  23  2:01  Stalker  
  23  2:11  Warp Gate  
  23  2:12  Probe  
  26  2:24  Probe  
  26  2:28  Twilight Council  
  26  2:33  Stalker, Probe  
  26  2:36  Probe  
  29  2:43  Probe  
  30  2:45  Blink  
  30  2:48  Probe  
  32  2:53  Probe  
  33  3:00  Probe  
  33  3:01  Probe  
  35  3:10  Stalker  
  35  3:12  Probe x2  
  38  3:19  Gateway  
  39  3:20  Probe  
  39  3:24  Probe  
  41  3:29  Gateway  
  41  3:30  Probe  
  42  3:36  Probe  
  43  3:42  Probe  
  43  3:44  Robotics Facility  
  44  3:49  Probe, Pylon  
  44  3:54  Probe  
  42  4:03  Stalker  
  41  4:10  Probe  
  41  4:11  Probe  
  41  4:15  Stalker  
  40  4:21  Shield Battery  
  40  4:22  Probe  
  40  4:23  Probe  
  41  4:30  Pylon  
  40  4:34  Probe  
  40  4:36  Stalker  
  37  4:39  Observer  
  38  4:46  Probe  
  39  4:55  Probe x2  
  41  5:03  Probe  
  42  5:07  Probe  
  43  5:15  Probe  
  43  5:17  Probe  
  45  5:25  Probe  
  45  5:27  Probe  
  45  5:28  Stalker  
  46  5:34  Observer, Probe  
  46  5:39  Probe  
  48  5:46  Probe  
  49  5:50  Observer, Nexus  
  49  5:51  Probe  
  49  5:54  Charge  
  44  6:00  Probe  
  44  6:03  Probe  
  46  6:04  Forge  
  46  6:12  Probe  
  46  6:15  Probe  
  46  6:17  Gateway  
  47  6:21  Gateway  
  47  6:24  Gateway  
  47  6:25  Probe  
  46  6:27  Probe  
  46  6:30  Observer  
  46  6:31  Stalker  
  50  6:38  Protoss Ground Weapons Level 1  
  50  6:42  Assimilator  
  50  6:43  Stalker  
  50  6:46  Probe x2  
  54  6:56  Stalker  
  54  7:00  Probe  
  56  7:02  Gateway  
  56  7:03  Gateway  
  56  7:04  Probe x2  
  59  7:08  Probe  
  60  7:16  Probe x2  
  60  7:18  Stalker  
  60  7:22  Sentry  
  66  7:23  Zealot  
  66  7:24  Zealot  
  66  7:27  Pylon  
  68  7:33  Stalker  
  68  7:37  Immortal  
  68  7:42  Zealot  
  74  7:51  Zealot x2  
  74  7:52  Zealot x2  
  74  7:56  Pylon  
  82  8:01  Zealot  
  84  8:06  Probe x2, Pylon  
  75  8:13  Zealot  
  75  8:15  Stalker x2  
  75  8:16  Zealot  
  75  8:18  Sentry  
  81  8:21  Observer, Probe x2  
  81  8:23  Zealot  
  82  8:27  Probe  
  82  8:32  Zealot  
  82  8:33  Probe, Zealot  
  84  8:39  Probe x2  
  80  8:47  Zealot x3  
  78  8:49  Sentry  
  78  8:53  Zealot  
Show
View Real Time Build Order
Export as new Build Order

FanTaSy Terran - Winner!

Build Orders: Gas First Reaper Expand, Liberator Opening 

Get SALT Encoding   

  12  0:00  SCV  
  13  0:12  SCV  
  14  0:16  Supply Depot  
  14  0:24  SCV  
  15  0:29  Refinery  
  15  0:38  SCV  
  16  0:44  Barracks  
  16  0:50  SCV  
  17  1:02  SCV  
  18  1:14  SCV  
  19  1:30  Orbital Command  
  19  1:31  Reaper  
  20  1:43  Command Center  
  20  1:55  Factory  
  20  1:59  SCV  
  21  2:07  Barracks Reactor  
  21  2:11  SCV  
  21  2:15  Supply Depot  
  22  2:23  SCV, Refinery  
  24  2:37  SCV  
  24  2:44  Starport  
  24  2:47  Hellion  
  24  2:48  Hellion  
  24  2:51  SCV  
  29  2:56  Orbital Command  
  29  3:03  SCV  
  29  3:05  Liberator  
  30  3:10  Hellion x2  
  34  3:19  SCV  
  35  3:24  SCV  
  39  3:27  Marine  
  42  3:34  Hellion x2  
  42  3:37  SCV  
  42  3:38  SCV  
  42  3:40  Supply Depot  
  46  3:46  Barracks Tech Lab  
  46  3:50  Supply Depot  
  46  4:00  SCV x2  
  44  4:12  SCV x2  
  41  4:24  Barracks, SCV x2, Marine  
  41  4:25  Marine, Siege Tank  
  41  4:26  Barracks  
  41  4:28  Bunker  
  48  4:36  SCV x2  
  50  4:42  Marine x2  
  50  4:45  Engineering Bay  
  48  4:48  SCV x2  
  50  4:58  Siege Tank  
  53  5:00  SCV x2, Marine x2  
  57  5:07  Refinery  
  57  5:13  SCV x2  
  58  5:14  Supply Depot  
  58  5:18  Barracks Tech Lab x2  
  58  5:20  Bunker, Marine x2  
  60  5:25  SCV x2  
  62  5:36  Siege Tank  
  62  5:37  SCV x2  
  62  5:39  Supply Depot  
  62  5:40  Supply Depot  
  62  5:41  Stimpack  
  67  5:46  Terran Infantry Weapons Level 1  
  67  5:51  Marine, Marauder  
  67  5:53  Barracks Tech Lab  
  70  5:58  Marine  
  70  6:03  Supply Depot  
  70  6:05  Starport Reactor, SCV x2  
  70  6:06  Refinery  
  70  6:07  Supply Depot  
  70  6:09  Marine  
  73  6:13  Marauder  
  73  6:14  Siege Tank  
  73  6:16  Marine  
  79  6:24  SCV x2  
  81  6:27  Supply Depot  
  81  6:29  Marine  
  81  6:30  Combat Shield, Marauder  
  81  6:31  Barracks x2  
  84  6:34  Marine, Marauder  
  84  6:35  Missile Turret  
  87  6:44  Medivac x2  
  87  6:46  Siege Tank  
  94  6:51  Marine, Supply Depot  
  94  6:52  Supply Depot, Marauder  
  97  6:55  Marine  
  98  7:04  Supply Depot  
  97  7:17  Marine x2, Marauder x2  
  97  7:20  Medivac x2  
  107  7:23  Siege Tank  
  110  7:35  Command Center, Barracks Reactor, Barracks Tech Lab  
  110  7:38  Marine x2, Marauder  
  110  7:39  Marauder  
  116  7:46  SCV x2  
  116  7:47  Supply Depot x2  
  117  8:01  Marine x2  
  117  8:02  Marauder x3  
  117  8:05  SCV x2  
  127  8:10  Siege Tank  
  128  8:20  SCV x2  
  128  8:21  Marine x2  
  128  8:23  Marauder x3  
  128  8:26  Medivac  
  139  8:39  Marine x2  
  144  8:48  SCV x2  
Tags
 
Add a new tag
Caveats
  • Supply blocks, unpowered buildings, or Contaminate may cause inaccurate times.
  • Supply counts are checked every 10 seconds.